Zazza, neutral female human Tourist ----- -------------- ----- #|...| ------ |............-# #-....### #|....# |....| |............|# #|...| # #|..{|# -------- |....| |............|# #|...|# ###-----# |.!+)@.-###### |....| |............|# #-----# #### # |%/)...| # |....| |............|# ## # #### # |(%%.m!| ##..>..| ------.-------# # # ## # |..f@).| |....| # # # # # ### # |..%...| --.--- ### # # # ## # -------- ### # # # # ###### # ### ### # ###### # # # ### # # # #----+--# `#### ############ ### # #|.....|# # # ---- -|------------- # -----# #.....<|# ####...| |.............| ##-...-# |......# # |.>| |.......^.....| |...| ------- ##..^| --------------- ----- ---- Zazza the Rambler Experience level: 1 Strength: 9 Dexterity: 14 Constitution: 14 Intelligence: 12 Wisdom: 9 Charisma: 18 Health: 0(10) Energy: 2(2) Def: 0 Gold: 0 Moves: 1753 Dungeon seed: BH7JoRTsrVjvrpX1 Game ID: Zazza_1618843973 Your Inventory: Weapons a - 33 +2 darts (in quiver) t - a +0 dagger (weapon in hand) u - a blessed +3 orcish dagger x - a cursed +0 orcish dagger F - a cursed -1 sling J - a cursed +0 spear L - a +0 orcish spear P - a cursed -1 sling Armor e - an uncursed +0 Hawaiian shirt (being worn) q - an uncursed +0 orcish helm y - an uncursed +0 leather armor Comestibles b - 5 uncursed food rations c - an uncursed clove of garlic f - 3 uncursed apples g - 2 uncursed bananas i - an uncursed tripe ration o - an uncursed egg R - an uncursed food ration Scrolls k - 2 uncursed scrolls of magic mapping C - an uncursed scroll of enchant armor E - an uncursed scroll of teleportation K - an uncursed scroll of fire Spellbooks w - an uncursed spellbook of dig Potions j - 2 uncursed potions of extra healing r - an uncursed potion of gain energy s - a blessed potion of monster detection z - a cursed potion of oil G - an uncursed potion of monster detection I - an uncursed potion of gain level M - an uncursed potion of blindness Q - an uncursed potion of confusion Rings D - an uncursed +2 ring of adornment Tools l - an expensive camera (0:91) m - an uncursed credit card n - an uncursed tin opener v - an uncursed brass lantern (0:1181) O - a +0 pick-axe Gems N - 2 uncursed worthless pieces of yellow glass Spells and supernatural/magical abilities: Name Level Category Fail Memory W - pray for help -- divine ? -- Your skills at the end: Fighting Skills Weapon Skills dart [Basic] Spellcasting Skills Final Attributes: You were aligned. You are dead. Vanquished creatures: a hobbit a yellow mold a red mold a gnome zombie 9 jackals 2 foxes 2 goblins 2 sewer rats 3 grid bugs 3 lichens 4 newts 29 creatures vanquished. Voluntary challenges: You used a wielded weapon 4 times, starting on turn 483. You read items or engraved 4 times, starting on turn 169. You never genocided any monsters. You never polymorphed an object. You never changed form. You used no wishes. You never split a pudding. You wrote Elbereth's name 1 time, starting on turn 169. You never violated your personal moral code. Dungeon overview: The Dungeons of Doom: levels 1 to 4 Level 1 a long staircase Level 2 a fountain Level 3 some fountains Level 4 <- You were here a general store, a fountain a long staircase History has recorded: On T:1 you entered the Dungeons of Doom to retrieve the Amulet of Yendor! On T:317 you reached level 2 of The Dungeons of Doom. On T:660 you reached level 3 of The Dungeons of Doom. On T:1227 you reached level 4 of The Dungeons of Doom. Score breakdown: Gold: 0 ( 0 points) Experience: 1 level ( 0 points) Exploration: 4 levels ( 8.16%) ( 7500 points) Discoveries: 1 item ( 0.34%) ( 1737 points) Valuables value: (no points given unless you survive) Artifact value: 0 ( 0 points) Variety of kills: 11 monsters ( 2.89%) ( 5097 points) Turncount: 1753 turns ( 0 points) Survival: died (score multiplied by 80%) Total score: 11467 Latest messages: "For you, most gracious lady; only 44 for this pick-axe." You have a little trouble lifting O - a pick-axe (unpaid, 44 zorkmids). You see here a sling (18 zorkmids). "For you, most gracious lady; only 18 for this sling." You have a little trouble lifting P - a sling (unpaid, 18 zorkmids). You see here a yellow potion (89 zorkmids). Armand misses the newt. (2x) "For you, most gracious lady; only 89 for this yellow potion." You have a little trouble lifting Q - a yellow potion (unpaid, 89 zorkmids). The newt bites! Armand drops a clove of garlic. Armand misses the newt. Armand bites the newt. The newt is killed! There are a few objects here. Armand picks up a clove of garlic. "For you, good lady; only 40 for this food ration." You have a little trouble lifting R - a food ration (unpaid, 40 zorkmids). Armand drops a clove of garlic. You hear water falling on coins. Armand eats a newt corpse. The small mimic hits! You die... Wonotobo comes and takes all your possessions. Final status: Aloha Zazza the Tourist, killed by a small mimic... You died in The Dungeons of Doom on dungeon level 4 with 11467 points, and 0 pieces of gold, after 1753 moves. You were level 1 with a maximum of 10 hit points when you died.